 Dungeon Sprint DCSS version 0.19-a0-1889-g9c603be (webtiles) character file.

11438 poirepourri the Imperceptible (level 11, -3/52 HPs)
             Began as a Spriggan Enchanter on Oct 17, 2016.
             Was the Champion of Dithmenos.
             Slain by a dire elephant (20 damage)
             ... in the Dungeon (Sprint III: "The Ten Rune Challenge").
             The game lasted 00:09:58 (3228 turns).

poirepourri the Imperceptible (Spriggan Enchanter)  Turns: 3228, Time: 00:09:58

Health: -3/52      AC:  3    Str:  4    XL:     11   Next: 49%
Magic:  23/31      EV: 27    Int: 18    God:    Dithmenos [******]
Gold:   37         SH:  0    Dex: 19    Spells: 5 memorised, 28 levels left

rFire  . . .     SeeInvis +     k - +1 short sword (drain)
rCold  . . .     Gourm    .     b - +1 robe
rNeg   . . .     Faith    .     (shield restricted)
rPois  .         Spirit   .     (helmet restricted)
rElec  .         Reflect  .     (no cloak)
rCorr  .         Harm     .     (gloves unavailable)
MR     +....     NoTele   +     (boots unavailable)
Stlth  ++++++++++               (no amulet)
                                (no ring)
                                (no ring)

@: flying, wreathed by umbra, very quick
A: unfitting armour, see invisible, herbivore 3, speed 3, slow metabolism 2
a: Shadow Step, Shadow Form, Renounce Religion


You were in the Dungeon.
You worshipped Dithmenos.
Dithmenos was exalted by your worship.
You were very full.

You visited 1 branch You collected 37 gold pieces.

Inventory:

Hand Weapons
 k - a +1 short sword of draining (weapon)
Armour
 b - a +1 robe (worn)
Wands
 g - a wand of confusion (28/48)
Scrolls
 f - 3 scrolls of holy word
 m - 4 scrolls of remove curse
Potions
 a - 3 potions of mutation
 n - 2 potions of cure mutation
 o - a potion of flight
Books
 c - a book of Maledictions

   Spells                             Type                      Level
   a - Corona                         Hexes                        1
   b - Ensorcelled Hibernation        Hexes/Ice                    2
   c - Confuse                        Hexes                        3
   d - Tukima's Dance                 Hexes                        3
   e - Dazzling Spray                 Conjuration/Hexes            3
 i - a book of Minor Magic

   Spells                             Type                      Level
   a - Magic Dart                     Conjuration                  1
   b - Blink                          Translocation                2
   c - Call Imp                       Summoning                    2
   d - Repel Missiles                 Charms/Air                   2
   e - Slow                           Hexes                        2
   f - Conjure Flame                  Conjuration/Fire             3
   g - Mephitic Cloud                 Conjuration/Poison/Air       3
Comestibles
 p - 21 royal jellies


   Skills:
 - Level 3.1 Fighting
 + Level 10.6 Short Blades
 + Level 10.0 Dodging
 + Level 23.2 Stealth
 + Level 15.2 Spellcasting
 + Level 4.9 Conjurations
 + Level 14.8 Hexes
 - Level 5.1 Ice Magic
 + Level 1.8 Invocations


You had 28 spell levels left.
You knew the following spells:

 Your Spells              Type           Power        Failure   Level  Hunger
a - Corona                Hex            ######.      0%          1    None
b - Ensorcelled Hibernat  Hex/Ice        #####.       1%          2    None
c - Confuse               Hex            ######..     1%          3    None
d - Tukima's Dance        Hex            ######..     1%          3    None
e - Dazzling Spray        Conj/Hex       #####.       1%          3    None


Dungeon Overview and Level Annotations

Branches:
Dungeon (1/1)

Altars:
Cheibriados
Dithmenos
Elyvilon
Fedhas
Gozag
Hepliaklqana
Kikubaaqudgha
Makhleb
Nemelex Xobeh
Okawaru
Qazlal
Ru
Sif Muna
Trog
Uskayaw
Vehumet
Xom
Yredelemnul
Zin
The Shining One
Beogh
Jiyva
Lugonu

Annotations:
D Gastronok


Innate Abilities, Weirdness & Mutations

You are very small and have problems with some larger weapons.
You are too small for most types of armour.
You have supernaturally acute eyesight. (SInv)
You are a herbivore.
You cover ground extremely quickly.
You need consume almost no food.


Message History

Why would you want to do that?
You are alive.
You are wreathed by an umbra.
Your movement speed is very quick.
Your attack speed is very fast.
The dire elephant closely misses you.
The dire elephant completely misses you.
Unknown command.
You hit the dire elephant but do no damage.
The dire elephant tramples you.
You hold your ground!
The dire elephant trunk-slaps you! Why would you want to do that?
You hit the dire elephant but do no damage.
The dire elephant tramples you!
You emit a cloud of dark smoke.
You hold your ground!
The dire elephant trunk-slaps you but does no damage.
The dire elephant completely misses you.
The dire elephant misses you.
Okay, then.
You feel very buoyant.
You fly up into the air.
The dire elephant tramples you!!
You die...

▓#.####.##†.###...'.⌠..).
▓.###).##..####...#...###
▓#.....##..###....#.⌠.#__
###..##...##.....#...#__
##†.##....#..÷...#)###__
#..###..##.#.....#...#__
#..# #.. ####....#___#__
▓▓▓▓▓▓▓▓▓▓▓▓▓▓▓▓▓▓▓▓▓▓▓▓
▓...§§§@§§§≈≈†♣♣.....♣♣♣
▓.†P#§YY§§†§≈.♣♣.≈≈≈≈†♣♣
▓.PP#§§§§§§§≈≈≈'.....#.≈
▓..P#§§§§§§§.≈♣♣♣♣♣♣♣#..
▓..w#≈§§§§§§≈≈♣ ###
▓##+####+###### ♣ ♣.§w
♣♣w# ♣.


You could see 2 dire elephants.

Vanquished Creatures
  Dowan (D)
  Erolcha (D)
  An obsidian statue (D)
  A deep elf mage (D)
  2 elephants (D)
  2 spiny frogs (D)
  Duvessa (D)
  A rime drake (D)
  3 wandering mushrooms (D)
  A komodo dragon (D)
  A queen bee (D)
  3 spriggan defenders (D)
  2 tyrant leeches (D)
  An orc high priest (D)
  5 blink frogs (D)
  A shadow (D)
  3 redbacks (D)
  2 hill giants (D)
  A spatial vortex (D)
  A swamp drake (D)
  A necrophage (D)
  3 two-headed ogres (D)
  A water elemental (D)
  32 killer bees (D)
  A jelly (D)
  A wizard (D)
  3 orc priests (D)
  Jessica (D)
  A necromancer (D)
  A kobold demonologist (D)
  3 humans (D)
  An ooze (D)
  A phantom (D)
  A rat (D)
  A plant (D)
86 creatures vanquished.

Vanquished Creatures (others)
  2 draconian scorchers (D)
  6 hellions (D)
  2 yaktaurs (D)
  6 plants (D)
16 creatures vanquished.

Grand Total: 102 creatures vanquished

Notes
Turn   | Place    | Note
-------+----------+-------------------------------------------
     0 | D        | poirepourri the Spriggan Enchanter began the quest for the Orb.
     0 | D        | Reached XP level 1. HP: 9/9 MP: 5/5
    10 | D        | Reached skill level 5 in Stealth
    30 | D        | Noticed Jessica
    39 | D        | Killed Jessica
    39 | D        | Reached skill level 7 in Stealth
    39 | D        | Reached skill level 5 in Hexes
    39 | D        | Reached XP level 2. HP: 8/13 MP: 4/7
    39 | D        | Reached XP level 3. HP: 10/16 MP: 5/9
    76 | D        | Learned a level 2 spell: Ensorcelled Hibernation
    80 | D        | Learned a level 3 spell: Confuse
    83 | D        | Killed a hellion
    84 | D        | Learned a level 3 spell: Tukima's Dance
    91 | D        | Killed a hellion
   103 | D        | Killed a hellion
   108 | D        | Killed a hellion
   109 | D        | Killed a hellion
   147 | D        | Killed a hellion
   176 | D        | Killed a white draconian scorcher
   221 | D        | Killed a yaktaur
   237 | D        | Noticed a water elemental
   266 | D        | Killed a white draconian scorcher
   302 | D        | Found a radiant altar of Vehumet.
   302 | D        | Found a deep blue altar of Sif Muna.
   302 | D        | Found an ancient bone altar of Kikubaaqudgha.
   302 | D        | Noticed a wizard
   305 | D        | Killed a wizard
   305 | D        | Reached skill level 8 in Stealth
   305 | D        | Reached XP level 4. HP: 20/21 MP: 6/11
   317 | D        | Reached skill level 9 in Stealth
   317 | D        | Reached skill level 1 in Ice Magic
   384 | D        | Learned a level 3 spell: Dazzling Spray
   401 | D        | Killed a water elemental
   401 | D        | Reached skill level 1 in Fighting
   401 | D        | Reached skill level 5 in Spellcasting
   401 | D        | Reached XP level 5. HP: 25/25 MP: 3/13
   482 | D        | Found a glowing silver altar of Zin.
   482 | D        | Found a glowing golden altar of the Shining One.
   482 | D        | Found a white marble altar of Elyvilon.
   483 | D        | Noticed a deep elf mage
   485 | D        | Killed a deep elf mage
   485 | D        | Reached skill level 11 in Stealth
   485 | D        | Reached skill level 1 in Conjurations
   485 | D        | Reached XP level 6. HP: 30/30 MP: 13/17
   485 | D        | Reached XP level 7. HP: 35/35 MP: 14/19
   507 | D        | Found a hide-covered altar of Uskayaw.
   507 | D        | Found a roughly hewn altar of Beogh.
   507 | D        | Found an iron altar of Okawaru.
   507 | D        | Found a bloodstained altar of Trog.
   507 | D        | Noticed a human
   508 | D        | Noticed a human
   546 | D        | Killed a human
   546 | D        | Reached skill level 12 in Stealth
   558 | D        | Killed a human
   558 | D        | Reached skill level 10 in Hexes
   777 | D        | Found a basalt altar of Yredelemnul.
   777 | D        | Found a shadowy altar of Dithmenos.
   777 | D        | Found a sacrificial altar of Ru.
   854 | D        | Became a worshipper of Dithmenos the Shadowed
  1077 | D        | Noticed a shadow
  1079 | D        | Killed a shadow
  1079 | D        | Reached XP level 8. HP: 39/39 MP: 22/22
  1091 | D        | Found a blossoming altar of Fedhas.
  1091 | D        | Found a stormy altar of Qazlal.
  1091 | D        | Found a snail-covered altar of Cheibriados.
  1091 | D        | Found a burning altar of Makhleb.
  1091 | D        | Found a shimmering altar of Xom.
  1092 | D        | Found a hazy altar of Hepliaklqana.
  1092 | D        | Found an opulent altar of Gozag.
  1092 | D        | Found a sparkling altar of Nemelex Xobeh.
  1092 | D        | Found a corrupted altar of Lugonu.
  1092 | D        | Found a viscous altar of Jiyva.
  1096 | D        | Reached * piety under Dithmenos
  1096 | D        | Reached skill level 13 in Stealth
  1219 | D        | Reached ** piety under Dithmenos
  1226 | D        | Reached skill level 14 in Stealth
  1226 | D        | Reached skill level 10 in Spellcasting
  1230 | D        | Noticed Erolcha
  1239 | D        | Killed Erolcha
  1239 | D        | Reached skill level 15 in Stealth
  1239 | D        | Reached skill level 5 in Ice Magic
  1239 | D        | Reached XP level 9. HP: 43/43 MP: 18/24
  1257 | D        | Reached skill level 16 in Stealth
  1370 | D        | Reached *** piety under Dithmenos
  1428 | D        | Noticed a wandering mushroom
  1433 | D        | Noticed a wandering mushroom
  1435 | D        | Noticed a wandering mushroom
  1436 | D        | Killed a wandering mushroom
  1436 | D        | Reached skill level 17 in Stealth
  1441 | D        | Killed a wandering mushroom
  1472 | D        | Killed a wandering mushroom
  1472 | D        | Reached **** piety under Dithmenos
  1613 | D        | Noticed a spiny frog
  1613 | D        | Noticed a komodo dragon
  1613 | D        | Noticed a spiny frog
  1636 | D        | Killed a spiny frog
  1636 | D        | Reached skill level 18 in Stealth
  1639 | D        | Killed a spiny frog
  1639 | D        | Reached XP level 10. HP: 20/49 MP: 19/27
  1858 | D        | Reached ***** piety under Dithmenos
  1874 | D        | Reached skill level 19 in Stealth
  2058 | D        | Noticed Dowan
  2058 | D        | Noticed Duvessa
  2062 | D        | Killed Duvessa
  2064 | D        | Killed Dowan
  2064 | D        | Reached skill level 10 in Short Blades
  2064 | D        | Reached skill level 20 in Stealth
  2152 | D        | Reached ****** piety under Dithmenos
  2228 | D        | Reached skill level 21 in Stealth
  2465 | D        | Reached XP level 11. HP: 52/52 MP: 17/30
  2696 | D        | Noticed an obsidian statue
  2711 | D        | Killed an obsidian statue
  2778 | D        | Reached skill level 22 in Stealth
  3059 | D        | Reached skill level 1 in Invocations
  3107 | D        | Reached skill level 15 in Spellcasting
  3209 | D        | Noticed a dire elephant
  3209 | D        | Noticed a dire elephant
  3209 | D        | Noticed Gastronok
  3211 | D        | Reached skill level 23 in Stealth
  3214 | D        | Reached skill level 10 in Dodging
  3228 | D        | Slain by a dire elephant

Vault maps used:
D:        dungeon_sprint_mu

Skill      XL: |  1  2  3  4  5  6  7  8  9 10 11 |
---------------+----------------------------------+-----
Stealth        | 7 8 9 11 12 15 18 21 23 | 23.2
Spellcasting   | 3 4 5 7 9 10 12 14 15 | 15.2
Hexes          | 5 6 7 9 10 11 12 13 14 | 14.8
Short Blades   | 2 3 6 7 8 9 10 | 10.6
Dodging        | 4 6 7 8 10 | 10.0
Ice Magic      | 1 3 4 5 |  5.1
Fighting       | 1 2 3 |  3.1
Conjurations   | 1 2 3 4 |  4.9
Invocations    | 1 |  1.8

Action                   |  1- 3 |  4- 6 |  7- 9 | 10-12 || total
-------------------------+-------+-------+-------+-------++-------
Melee: Short sword       |    16 |    11 |    34 |   182 ||   243
       Dagger            |     2 |       |       |       ||     2
 Cast: Corona            |     1 |       |       |       ||     1
       Ensorcelled Hiber |     6 |     2 |    17 |    48 ||    73
       Dazzling Spray    |       |     6 |    19 |    12 ||    37
       Confuse           |       |       |     1 |     5 ||     6
Invok: Shadow Step       |       |       |       |     8 ||     8
  Use: Potion            |     2 |     2 |     2 |     1 ||     7
       Scroll            |     1 |     3 |       |       ||     4
 Stab: Sleeping          |     6 |     1 |    15 |    49 ||    71
       Invisible         |       |       |     3 |     1 ||     4
       Confused          |       |       |       |     4 ||     4
       Distracted        |       |       |       |     1 ||     1
  Eat: Bread ration      |       |       |       |     2 ||     2
Armor: Robe              |       |       |     2 |     6 ||     8
Dodge: Dodged            |    14 |    12 |    33 |   105 ||   164
